 Dungeon Crawl Stone Soup version 0.24-a0-537-g2d01d4a (webtiles) character file.

Game seed: 8766126251961805964

718 pichaelthompson the Charmwright (level 7, -2/56 HPs)
             Began as a Gnoll Skald on Aug 13, 2019.
             Was an Initiate of Ashenzari.
             Slain by Grinder (3 damage)
             ... on level 5 of the Dungeon.
             The game lasted 00:11:46 (5516 turns).

pichaelthompson the Charmwright (Gnoll Skald)       Turns: 5516, Time: 00:11:47

Health: -2/56      AC:  5    Str:  9    XL:     7   Next: 70%
Magic:  10/15      EV: 10    Int: 15    God:    Ashenzari [......]
Gold:   236        SH:  5    Dex: 17    Spells: 10/17 levels left

rFire    . . .     SeeInvis .   p - +0 spear (freeze)
rCold    + . .     Gourm    .   x - +0 buckler {rC+}
rNeg     . . .     Faith    .   o - +0 scale mail
rPois    .         Spirit   .   (no helmet)
rElec    .         Reflect  .   (no cloak)
rCorr    .         Harm     .   j - +0 pair of gloves
MR       .....                  s - +0 pair of boots
Stlth    +.........             (no amulet)
HPRegen  0.18/turn              t - -4 ring of strength (curse)
MPRegen  0.14/turn              (no ring)

@: corroded, very slightly contaminated
A: distributed training, fangs 1, strong nose
a: Curse Item, Renounce Religion


You were on level 5 of the Dungeon.
You worshipped Ashenzari.
Ashenzari was noncommittal.
You were hungry.

You visited 2 branches of the dungeon, and saw 6 of its levels.

You collected 236 gold pieces.

Inventory:

Hand Weapons
 p - a +0 spear of freezing (weapon)
Missiles
 w - 4 javelins (quivered)
Armour
 j - a +0 pair of gloves (worn)
 o - a +0 scale mail (worn)
 s - a +0 pair of boots (worn)
 x - a +0 buckler of cold resistance (worn)
Jewellery
 t - a cursed -4 ring of strength (left hand)
Wands
 g - a wand of flame (6)
 n - a wand of random effects (22)
Scrolls
 a - 5 scrolls of teleportation {unknown}
 b - 3 scrolls of remove curse
 c - 7 scrolls of identify {unknown}
 h - 3 scrolls of random uselessness {unknown}
 k - 2 scrolls of blinking {unknown}
 l - a scroll of fear {unknown}
 u - a scroll of immolation {unknown}
Potions
 i - a potion of cancellation {unknown}
 m - a potion of flight {unknown}
 q - a potion of haste {unknown}
 r - a potion of brilliance {unknown}
 v - a potion of degeneration {unknown}
 z - a potion of mutation {unknown}
 A - a potion of might {unknown}
Comestibles
 d - 9 rations
 B - 3 chunks of flesh


   Skills:
 + Level 5.3 Fighting
 + Level 2.6 Short Blades
 + Level 2.6 Long Blades
 + Level 2.6 Axes
 + Level 2.6 Maces & Flails
 + Level 5.3 Polearms
 + Level 2.6 Staves
 + Level 2.6 Slings
 + Level 2.6 Bows
 + Level 2.6 Crossbows
 + Level 2.6 Throwing
 + Level 3.7 Armour
 + Level 5.3 Dodging
 + Level 2.6 Stealth
 + Level 2.6 Shields
 + Level 2.6 Unarmed Combat
 + Level 5.6 Spellcasting
 + Level 2.1 Conjurations
 + Level 2.1 Hexes
 + Level 5.9 Charms
 + Level 2.1 Summonings
 + Level 2.1 Necromancy
 + Level 2.1 Translocations
 + Level 2.1 Transmutations
 + Level 2.1 Fire Magic
 + Level 2.1 Ice Magic
 + Level 2.1 Air Magic
 + Level 2.1 Earth Magic
 + Level 2.1 Poison Magic
 + Level 2.9 Invocations
 + Level 2.6 Evocations


You had 10 spell levels left.
You knew the following spells:

 Your Spells              Type           Power        Failure   Level  Hunger
a - Infusion              Chrm           ###.         12%         1    None
b - Spectral Weapon       Hex/Chrm       ###.....     58%         3    ###....
c - Regeneration          Chrm/Necr      ###.......   58%         3    ###....

Your spell library contained the following spells:

 Spells                   Type           Power        Failure   Level  Hunger
 Song of Slaying          Chrm           ###.....     19%         2    #......
 Shroud of Golubria       Chrm/Tloc      ###...       36%         2    #......
 Animate Skeleton         Necr           N/A          50%         1    None
 Apportation              Tloc           ##....       50%         1    None
 Confusing Touch          Hex            ##....       50%         1    None
 Summon Small Mammal      Summ           ##..         50%         1    None


Dungeon Overview and Level Annotations

Branches:
Dungeon (5/15)             Temple (1/1) D:4

Altars:
Ashenzari
Cheibriados
Dithmenos
Elyvilon
Fedhas
Hepliaklqana
Kikubaaqudgha
Makhleb
Nemelex Xobeh
Okawaru
Qazlal
Ru
Sif Muna
Vehumet
Wu Jian
Xom
Yredelemnul
The Shining One
Jiyva

Annotations:
D:5 Grinder


Innate Abilities, Weirdness & Mutations

Your experience applies equally to all skills.
You have very sharp teeth.
Your uncanny sense of smell can sniff out nearby items.


Message History

Ijyb is almost dead.
Your spectral weapon hits Ijyb from afar.
Your spectral weapon freezes Ijyb.
You kill Ijyb!
The orc hits you but does no damage.
Unknown command.
You swap places.
The orc closely misses your spectral weapon.
Grinder blinks!
The orc closely misses your spectral weapon.
Casting: Spectral Weapon (quite dangerous; 58% risk of failure)
Confirm with . or Enter, or press ? or * to list all spells.
You miscast Regeneration.
You are very lightly contaminated with residual magic.
Strange energies run through your body.
The orc hits your spectral weapon with a +0 morningstar!
Your spectral weapon shares its damage with you!
* * * LOW HITPOINT WARNING * * *
Grinder hits you.
You die...

##.##....# ### ##########
#..##....# #.## #........#
#...#....# ##..# #........#
#........# ######....
#........###.##.....###.........
#......÷...................#.###
#........##..#........#...##.###
#...........###.................
#..........##o(@5...#._.#....###
##########.§oo##..........#.##
##...##.o####.#....#...#.#
......#................#.# ∆
..........#............. # # ∆
........#........ .. ###
........##........ .......#..
..>...#.. ...................
##......##...... .........#..


You could see Grinder, 4 orcs and a friendly spectral +0 spear of freezing.

Vanquished Creatures
  Duvessa (D:5)
  2 ogres
  2 phantoms
  Dowan (D:5)
  A hound (D:4)
  An orc wizard (D:4)
  Ijyb (D:5)
  An iguana (D:5)
  An adder (D:3)
  2 adder skeletons (D:4)
  A worm (D:4)
  3 dart slugs (D:3)
  2 leopard geckos
  6 orcs
  8 bats
  3 giant cockroaches
  9 goblins
  11 hobgoblins
  10 jackals
  2 quokkas (D:3)
  A ball python (D:3)
  2 frilled lizards (D:2)
  9 kobolds
  A leopard gecko zombie (D:5)
  9 rats
  A plant (D:1)
91 creatures vanquished.

Vanquished Creatures (others)
  A spectral weapon (D:5)
1 creature vanquished.

Grand Total: 92 creatures vanquished

Notes
Turn   | Place    | Note
-------+----------+-------------------------------------------
     0 | D:1      | pichaelthompson the Gnoll Skald began the quest for the
                  | Orb.
     0 | D:1      | Reached XP level 1. HP: 20/20 MP: 6/6
   342 | D:1      | Reached XP level 2. HP: 23/26 MP: 7/7
  1383 | D:2      | Found an iron altar of Okawaru.
  1396 | D:2      | Reached XP level 3. HP: 30/31 MP: 9/9
  1410 | D:2      | Learned a level 3 spell: Spectral Weapon
  1414 | D:2      | Learned a level 3 spell: Regeneration
  1429 | D:2      | Reached skill level 5 in Spellcasting
  1639 | D:2      | Reached skill level 1 in Invocations
  1846 | D:2      | You fall into a shaft and drop 1 floor!
  1861 | D:3      | Reached skill level 1 in Short Blades
  1861 | D:3      | Reached skill level 1 in Long Blades
  1861 | D:3      | Reached skill level 1 in Axes
  1861 | D:3      | Reached skill level 1 in Maces & Flails
  1861 | D:3      | Reached skill level 1 in Staves
  1861 | D:3      | Reached skill level 1 in Slings
  1861 | D:3      | Reached skill level 1 in Bows
  1861 | D:3      | Reached skill level 1 in Crossbows
  1861 | D:3      | Reached skill level 1 in Throwing
  1861 | D:3      | Reached skill level 1 in Stealth
  1861 | D:3      | Reached skill level 1 in Shields
  1861 | D:3      | Reached skill level 1 in Unarmed Combat
  1861 | D:3      | Reached skill level 1 in Evocations
  1888 | D:3      | Reached XP level 4. HP: 31/38 MP: 11/11
  1967 | D:3      | Found a shimmering blue altar of Sif Muna.
  2183 | D:3      | Found a shadowy altar of Dithmenos.
  2234 | D:3      | Found an ancient bone altar of Kikubaaqudgha.
  2546 | D:2      | Found a glowing golden altar of the Shining One.
  2663 | D:3      | Found a stormy altar of Qazlal.
  2903 | D:4      | Reached skill level 1 in Conjurations
  2903 | D:4      | Reached skill level 1 in Hexes
  2903 | D:4      | Reached skill level 1 in Summonings
  2903 | D:4      | Reached skill level 1 in Necromancy
  2903 | D:4      | Reached skill level 1 in Translocations
  2903 | D:4      | Reached skill level 1 in Transmutations
  2903 | D:4      | Reached skill level 1 in Fire Magic
  2903 | D:4      | Reached skill level 1 in Ice Magic
  2903 | D:4      | Reached skill level 1 in Air Magic
  2903 | D:4      | Reached skill level 1 in Earth Magic
  2903 | D:4      | Reached skill level 1 in Poison Magic
  2912 | D:4      | Noticed an ogre
  2955 | D:4      | Found a staircase to the Ecumenical Temple.
  2965 | Temple   | Entered the Ecumenical Temple
  3114 | Temple   | Became a worshipper of Ashenzari the Shackled
  3137 | D:4      | Noticed a phantom
  3687 | D:4      | Reached XP level 5. HP: 36/43 MP: 12/12
  3786 | D:4      | Killed a phantom
  4044 | D:4      | Reached XP level 6. HP: 41/50 MP: 13/13
  4193 | D:4      | Reached skill level 5 in Fighting
  4193 | D:4      | Reached skill level 5 in Polearms
  4193 | D:4      | Reached skill level 5 in Dodging
  4589 | D:5      | Entered Level 5 of the Dungeon
  4651 | D:5      | Reached XP level 7. HP: 39/56 MP: 15/15
  4888 | D:5      | Found a radiant altar of Vehumet.
  4891 | D:5      | Noticed Dowan
  4892 | D:5      | Noticed Duvessa
  4933 | D:5      | Killed Duvessa
  4959 | D:5      | Killed Dowan
  5489 | D:5      | Noticed Ijyb
  5491 | D:5      | Noticed Grinder
  5493 | D:5      | Paralysed by Grinder for 7 turns
  5514 | D:5      | Killed Ijyb
  5516 | D:5      | HP: 1/56 [orc/+0 morningstar (4)]
  5516 | D:5      | Slain by Grinder

Levels and vault maps discovered:
D:1:      roderic_crop_circles_arrival_small, layout_loops_cross
D:2:      layout_rooms, kennysheep_okawaru_gauntlet,
          nicolae_tso_swordbearing_angel, minmay_liquid_box, minmay_heptomino_d4
D:3:      layout_basic, overflow_temple_1_default,
          nicolae_overflow_hidden_temple, lemuel_crystal_altar,
          grunt_dithmenos_smoke_and_mirrors, first_ration
D:4:      layout_loops_corners, minmay_temple_entry_slanted
D:5:      layout_rooms, vehumet_altar_wand_db, uniq_duvessa, uniq_ijyb,
          uniq_grinder
Temple:   pf_slime_end_temple

Skill      XL: |  1  2  3  4  5  6  7 |
---------------+----------------------+-----
Spellcasting   | 5 |  5.6
Invocations    | 1 2 |  2.9
Short Blades   | 1 2 |  2.6
Long Blades    | 1 2 |  2.6
Axes           | 1 2 |  2.6
Maces & Flails | 1 2 |  2.6
Staves         | 1 2 |  2.6
Slings         | 1 2 |  2.6
Bows           | 1 2 |  2.6
Crossbows      | 1 2 |  2.6
Throwing       | 1 2 |  2.6
Stealth        | 1 2 |  2.6
Shields        | 1 2 |  2.6
Unarmed Combat | 1 2 |  2.6
Evocations     | 1 2 |  2.6
Conjurations   | 1 2 |  2.1
Hexes          | 1 2 |  2.1
Summonings     | 1 2 |  2.1
Necromancy     | 1 2 |  2.1
Translocations | 1 2 |  2.1
Transmutations | 1 2 |  2.1
Fire Magic     | 1 2 |  2.1
Ice Magic      | 1 2 |  2.1
Air Magic      | 1 2 |  2.1
Earth Magic    | 1 2 |  2.1
Poison Magic   | 1 2 |  2.1
Armour         | 3 |  3.7
Fighting       | 5 |  5.3
Polearms       | 5 |  5.3
Dodging        | 5 |  5.3
Charms         | |  5.9

Action                   |  1- 3 |  4- 6 |  7- 9 || total
-------------------------+-------+-------+-------++-------
Melee: Spear             |   262 |   174 |    61 ||   497
       Bite              |    25 |    18 |     7 ||    50
Throw: Javelin           |       |     7 |       ||     7
 Cast: Spectral Weapon   |       |     2 |     5 ||     7
       Regeneration      |       |     1 |       ||     1
  Use: Potion            |       |       |     4 ||     4
 Stab: Distracted        |       |     1 |       ||     1
  Eat: Chunk             |     3 |     6 |     3 ||    12
       Ration            |       |     1 |       ||     1
Armor: Leather armour    |    10 |       |       ||    10
       Scale mail        |    36 |    52 |    32 ||   120
       Ring mail         |     6 |       |       ||     6
Dodge: Dodged            |   120 |    64 |    26 ||   210
Block: Buckler           |       |     7 |    17 ||    24

Table legend:
 A = Non-vault XP
 B = Vault XP
 C = Vault XP percentage of total XP
 D = Non-vault monster count
 E = Vault monster count
 F = Vault count percentage of total count
                 A         B        C        D         E       F
            +---------+---------+-------+---------+---------+-------
      Total |     753 |     273 |  26.6 |      80 |      10 |  11.1
            +---------+---------+-------+---------+---------+-------
        D:1 |      32 |       0 |   0.0 |      18 |       0 |   0.0
        D:2 |      31 |       9 |  22.5 |      19 |       6 |  24.0
        D:3 |      58 |       0 |   0.0 |      23 |       0 |   0.0
        D:4 |     342 |       0 |   0.0 |      13 |       0 |   0.0
        D:5 |     288 |     264 |  47.8 |       6 |       4 |  40.0
     Temple |       2 |       0 |   0.0 |       1 |       0 |   0.0
            +---------+---------+-------+---------+---------+-------
